 Dungeon Crawl Stone Soup version 0.17.0 (webtiles) character file.

45645 MDvedh the Severer (level 14, -1/130 HPs)
             Began as a Minotaur Berserker on Nov 6, 2015.
             Was a High Priest of Trog.
             Slain by a large abomination (12 damage)
             ... on level 1 of the Abyss.
             The game lasted 00:28:16 (14339 turns).

MDvedh the Severer (Minotaur Berserker)            Turns: 14339, Time: 00:28:16

Health: -1/130     AC: 28    Str: 23    XL:     14   Next: 1%
Magic:  3/3        EV:  8    Int:  4    God:    Trog [*****.]
Gold:   1289       SH:  0    Dex: 14    Spells: 0 memorised, 13 levels left

rFire  . . .     SeeInvis .     a - +3 battleaxe (antimagic)
rCold  + . .     Clarity  +     w - +0 plate armour
rNeg   + . .     SustAt   .     (shield currently unavailable)
rPois  +         Gourm    .     b - +1 hat
rElec  +         Spirit   .     G - +2 cloak {+Inv}
rCorr  .         Warding  +     v - +0 pair of gloves
rMut   .         Stasis   .     y - +0 pair of boots
MR     +++..                    C - amulet of warding
Stlth  ..........               s - ring of poison resistance
                                F - ring of Satisfaction {+Blink rElec AC+2 Dex+2 Stlth-}

@: very slightly contaminated, regenerating, hasted, very quick, extremely
resistant to hostile enchantments, extremely unstealthy
A: retaliatory headbutt, horns 2, yellow scales 1, blink, blurry vision 1,
clarity, clumsy 1, cold resistance 1, low mp 1
a: Blink, Berserk, Trog's Hand, Brothers in Arms, Burn Spellbooks, Renounce
Religion, Evoke Blink, Evoke Invisibility


You were on level 1 of the Abyss.
You worshipped Trog.
Trog was extremely pleased with you.
You were not hungry.

You visited 3 branches of the dungeon, and saw 14 of its levels.
You visited the Abyss 1 time.
You also visited: Bailey.

You collected 1289 gold pieces.

Inventory:

Hand Weapons
 a - a +3 antimagic battleaxe (weapon)
 h - a +1 war axe of freezing
 q - a +4 scimitar of flaming
 S - a +8 battleaxe of distortion
Armour
 b - a +1 hat (worn)
 v - a +0 pair of gloves (worn)
 w - a +0 plate armour (worn)
 y - a +0 pair of boots (worn)
 G - a +2 cloak of invisibility (worn)
Jewellery
 i - a +1 ring of slaying
 l - an uncursed ring of flight
 o - an uncursed ring of see invisible
 s - a ring of poison resistance (right hand)
 B - an uncursed ring of sustain attributes
 C - an amulet of warding (around neck)
 F - the ring of Satisfaction (left hand) {+Blink rElec AC+2 Dex+2 Stlth-}
   (You found it on level 10 of the Dungeon)

   [ring of protection]

   It affects your AC (+2).
   It affects your dexterity (+2).
   It insulates you from electricity.
   It lets you blink.
   It makes you less stealthy.
 P - a +3 ring of evasion
 Q - an uncursed ring of positive energy
Wands
 z - a wand of frost (29)
 A - a wand of polymorph (21)
 T - a wand of enslavement (13)
Scrolls
 j - 3 scrolls of magic mapping
 k - a scroll of fear
 t - a scroll of fog
 x - 5 scrolls of remove curse
 E - a scroll of immolation
 I - 2 scrolls of recharging
 L - 3 scrolls of identify
 M - a scroll of teleportation
 O - a scroll of enchant armour
 U - a scroll of blinking {unknown}
Potions
 d - a potion of brilliance {unknown}
 f - 2 potions of ambrosia {unknown}
 g - 3 potions of agility
 m - 2 potions of cure mutation {unknown}
 n - 2 potions of magic
 p - a potion of degeneration {unknown}
 r - 2 potions of haste
 u - a potion of poison {unknown}
 H - 2 potions of lignification {unknown}
 J - a potion of invisibility {unknown}
 R - 2 potions of might {unknown}
Comestibles
 c - 16 bread rations
 K - 2 meat rations
 N - a beef jerky


   Skills:
 + Level 13.8 Fighting
 * Level 20.1 Axes
 + Level 13.7 Armour
 - Level 2.1 Dodging


You had 13 spell levels left.
You didn't know any spells.

Dungeon Overview and Level Annotations

Branches:
Dungeon (10/15)            Temple (1/1) D:5            Lair (3/8) D:10
    Orc (0/4) D:10
  Swamp: Lair:3-6    Shoals: Lair:3-6     Snake: Lair:3-6    Spider: Lair:3-6

Altars:
Ashenzari
Dithmenos
Gozag
Makhleb
Nemelex Xobeh
Okawaru
Qazlal
Ru
Sif Muna
Vehumet
Xom
Zin
The Shining One

Shops:
D:7 *


Innate Abilities, Weirdness & Mutations

You reflexively headbutt those who attack you in melee.
You have a pair of horns on your head.
You are partially covered in yellow scales (AC +2).
You can translocate small distances at will.
Scrolls take you a little longer to read.
You possess an exceptional clarity of mind.
You are clumsy. (Dex -2)
Your flesh is cold resistant.
Your magical capacity is low (-10% MP).


Message History

The sixfirhy misses you.
The large abomination barely misses you.
Unknown command.
Drink which item? (? for menu, Esc to quit)
It was a potion of haste.
You feel yourself speed up.
The large abomination barely misses you.
You are very lightly contaminated with residual magic.
Unknown command.
You slash the large abomination!
Your headbutt misses the large abomination.
The large abomination is heavily damaged.
You slice the sixfirhy!!
The sixfirhy is almost dead.
The large abomination hits you!
* * * LOW HITPOINT WARNING * * *
Drink which item? (? for menu, Esc to quit)
You feel better. The sixfirhy barely misses you.
The sixfirhy hits you but does no damage.
The large abomination hits you!
You die...

.. . #
. # .#
# . #.
## . #.
##. .#
## h.##
#. #.##
. ...
##
#.4###
. #
#.X@.##
. ##
#.#.##
.. . #
#..## .
. # #
h.. ###
. #...
.. #
#..#..
..#.##.
. # # #
## . .
. # # #
. .##
###.#.
.# # .


You could see a large abomination and a sixfirhy.

Vanquished Creatures
  2 tentacled starspawn (Abyss:1)
  Gastronok (D:8)
  A starcursed mass (Abyss:1)
  An eidolon (Abyss:1)
  A rakshasa (Abyss:1)
  A quicksilver dragon skeleton (Abyss:1)
  Erica (D:9)
  A hell hog (Abyss:1)
  A thrashing horror (Abyss:1)
  9 large abominations (Abyss:1)
  5 wretched stars (Abyss:1)
  A vampire mage (Abyss:1)
  A storm dragon skeleton (Abyss:1)
  A giant orange brain (Abyss:1)
  An unseen horror (Abyss:1)
  Pikel (D:8)
  A shining eye (Abyss:1)
  3 worldbinders (Abyss:1)
  A rust devil (Abyss:1)
  A spiny frog (Lair:2)
  Joseph (D:7)
  6 smoke demons (Abyss:1)
  An apocalypse crab (Abyss:1)
  2 hellwings (Abyss:1)
  A komodo dragon (Lair:1)
  4 ancient zymes (Abyss:1)
  2 polar bears (Lair:2)
  2 two-headed ogres
  5 blink frogs
  2 giant leeches (Lair:3)
  A fire dragon zombie (Abyss:1)
  9 raiju (Abyss:1)
  A ynoxinul (Abyss:1)
  A wyvern (D:10)
  A wraith (Abyss:1)
  Sigmund (D:2)
  2 basilisks (Lair:1)
  3 hippogriffs
  Grum (D:8)
  A steam dragon (D:9)
  A spriggan (D:7)
  3 golden eyes (Abyss:1)
  A chaos spawn (Abyss:1)
  A hell hound (Abyss:1)
  36 yaks
  2 water moccasins (Lair:2)
  17 wolves
  4 porcupines
  7 orc warriors
  6 ogres
  An eye of draining (Abyss:1)
  A necrophage (D:7)
  4 centaurs
  3 black bears
  4 ice beasts
  3 sky beasts
  A snapping turtle skeleton (Abyss:1)
  3 crocodiles (Lair:1)
  8 giant frogs
  A wyvern zombie (D:7)
  9 gnoll sergeants
  7 small abominations (Abyss:1)
  4 scorpions
  6 killer bees
  5 quasits
  11 wights
  4 iron imps (Abyss:1)
  2 giant frog zombies (D:7)
  2 crimson imps
  8 hounds
  A jelly (D:10)
  4 orc priests
  A centaur skeleton (D:7)
  6 gnoll shamans (Bailey)
  3 iguanas
  4 worker ants
  Terence (D:2)
  8 orc wizards
  3 hound skeletons
  2 worker ant zombies
  33 gnolls
  6 adders
  24 river rats
  A white imp (Abyss:1)
  A giant eyeball (D:10)
  A shadow imp (D:10)
  An ufetubus (Abyss:1)
  An adder zombie (D:7)
  3 adder skeletons
  2 worms
  29 orcs
  7 giant cockroaches
  12 hobgoblins
  8 jackals
  8 kobolds
  3 quokkas
  2 ball pythons
  6 bats
  3 giant geckos
  A giant gecko skeleton (D:6)
  2 giant newts
  6 goblins
  4 rats
  A butterfly (Lair:2)
  2 fungi (Lair:1)
  A lurking horror (Abyss:1)
  A plant (Lair:1)
  A starspawn tentacle (Abyss:1)
450 creatures vanquished.

Vanquished Creatures (others)
  A water moccasin (Lair:3)
  5 fungi
  6 starspawn tentacles (Abyss:1)
  57 starspawn tentacle segments (Abyss:1)
69 creatures vanquished.

Grand Total: 519 creatures vanquished

Notes
Turn   | Place    | Note
--------------------------------------------------------------
     0 | D:1      | MDvedh the Minotaur Berserker began the quest for the Orb.
     0 | D:1      | Reached XP level 1. HP: 19/19 MP: 0/0
    93 | D:1      | Reached skill level 4 in Axes
   270 | D:1      | Reached XP level 2. HP: 26/26 MP: 1/1
   627 | D:2      | Reached skill level 5 in Axes
   662 | D:2      | Reached ** piety under Trog
   681 | D:2      | Found a sparkling altar of Nemelex Xobeh.
   702 | D:2      | Reached XP level 3. HP: 27/31 MP: 2/2
   879 | D:2      | Noticed Sigmund
   883 | D:2      | Killed Sigmund
   883 | D:2      | Reached skill level 7 in Axes
   883 | D:2      | Reached XP level 4. HP: 39/39 MP: 3/3
   883 | D:2      | Reached XP level 5. HP: 45/45 MP: 4/4
   981 | D:2      | Noticed Terence
   989 | D:2      | Killed Terence
  1260 | D:3      | Found a stormy altar of Qazlal.
  1448 | D:3      | Reached skill level 8 in Axes
  1470 | D:3      | Reached XP level 6. HP: 49/51 MP: 5/5
  1764 | D:4      | Reached *** piety under Trog
  1934 | D:4      | Found a stormy altar of Qazlal.
  1937 | D:4      | Found a sacrificial altar of Ru.
  1937 | D:4      | Found a radiant altar of Vehumet.
  1937 | D:4      | Found a deep blue altar of Sif Muna.
  2238 | D:4      | Reached skill level 9 in Axes
  2568 | D:4      | Found an opulent altar of Gozag.
  2619 | D:4      | Found a shattered altar of Ashenzari.
  2632 | D:4      | Reached XP level 7. HP: 57/57 MP: 6/6
  2676 | D:4      | Reached skill level 10 in Axes
  3015 | D:5      | Entered Level 5 of the Dungeon
  3142 | D:5      | Reached skill level 11 in Axes
  3214 | D:5      | Found a shimmering altar of Xom.
  3754 | D:5      | Found a staircase to the Ecumenical Temple.
  3781 | D:5      | Reached XP level 8. HP: 51/64 MP: 7/7
  3802 | Temple   | Entered the Ecumenical Temple
  3980 | D:5      | Found a burning altar of Makhleb.
  4050 | D:5      | Reached **** piety under Trog
  4050 | D:5      | Reached skill level 12 in Axes
  4184 | D:6      | Gained mutation: You are clumsy. (Dex -2) [mutagenic meat]
  4185 | D:6      | Gained mutation: You possess an exceptional clarity of mind. [mutagenic meat]
  4217 | D:6      | Reached skill level 13 in Axes
  4235 | D:6      | HP: 3/96 [yak (12)]
  4601 | D:6      | Reached XP level 9. HP: 70/70 MP: 8/8
  4658 | D:6      | Found an iron altar of Okawaru.
  4739 | D:6      | Found a shadowy altar of Dithmenos.
  4970 | D:6      | Reached skill level 14 in Axes
  5509 | D:7      | Noticed Joseph
  5524 | D:7      | Killed Joseph
  5692 | D:7      | Reached skill level 15 in Axes
  6028 | D:7      | Found Sicenote's Elemental Accessories.
  6370 | D:7      | Found a glowing silver altar of Zin.
  6654 | D:8      | Noticed Grum
  6660 | D:8      | Reached skill level 5 in Fighting
  6674 | D:8      | Killed Grum
  6674 | D:8      | Reached skill level 5 in Armour
  6674 | D:8      | Reached XP level 10. HP: 80/82 MP: 9/9
  6946 | D:8      | Noticed Gastronok
  6970 | D:8      | Killed Gastronok
  7071 | D:8      | Found a glowing golden altar of the Shining One.
  7152 | D:8      | Noticed Pikel
  7163 | D:8      | Killed Pikel
  7318 | D:8      | Reached ***** piety under Trog
  7533 | D:9      | Noticed Erica
  7546 | D:9      | Killed Erica
  7614 | D:9      | Reached XP level 11. HP: 90/97 MP: 10/10
  7855 | D:9      | Received a gift from Trog
  8356 | D:10     | Entered Level 10 of the Dungeon
  8375 | D:10     | Reached skill level 10 in Fighting
  8393 | D:10     | Gained mutation: Your flesh is cold resistant. [mutagenic meat]
  8394 | D:10     | Gained mutation: You can translocate small distances at will. [mutagenic meat]
  8395 | D:10     | Gained mutation: You are partially covered in yellow scales (AC +2). [mutagenic meat]
  8484 | D:10     | Got a twitching glass ring
  8514 | D:10     | Reached skill level 10 in Armour
  8562 | D:10     | Identified the ring of Satisfaction {+Blink rElec AC+2 Dex+2 Stlth-} (You found it on level 10 of the Dungeon)
  8684 | D:10     | Paralysed by a giant eyeball for 3 turns
  8759 | D:10     | Found a staircase to the Lair.
  8951 | D:10     | Found a flagged portal.
  9060 | Bailey   | Entered a bailey
  9108 | Bailey   | Received a gift from Trog
  9108 | Bailey   | Reached skill level 16 in Axes
  9371 | Bailey   | Gained mutation: Your magical capacity is low (-10% MP). [potion of mutation]
  9633 | D:10     | Found a staircase to the Orcish Mines.
  9636 | D:10     | Received a gift from Trog
  9952 | Lair:1   | Entered Level 1 of the Lair of Beasts
 10624 | Lair:1   | Reached XP level 12. HP: 107/110 MP: 9/9
 10629 | Lair:1   | Reached skill level 17 in Axes
 11818 | Lair:3   | Received a gift from Trog
 12273 | Lair:3   | Cast into the Abyss (a distortion unwield)
 12283 | Abyss:1  | Found a corrupted altar of Lugonu.
 12362 | Abyss:1  | Found a corrupted altar of Lugonu.
 12370 | Abyss:1  | Reached skill level 18 in Axes
 12432 | Abyss:1  | Noticed a starcursed mass
 13021 | Abyss:1  | Reached XP level 13. HP: 73/119 MP: 3/10
 13147 | Abyss:1  | Noticed a rakshasa
 13172 | Abyss:1  | Killed a rakshasa
 13368 | Abyss:1  | Gained mutation: Scrolls take you a little longer to read. [a shining eye]
 13613 | Abyss:1  | Reached skill level 19 in Axes
 13751 | Abyss:1  | Noticed a tentacled starspawn
 13759 | Abyss:1  | Killed a tentacled starspawn
 14105 | Abyss:1  | Noticed a tentacled starspawn
 14270 | Abyss:1  | Noticed a tentacled starspawn
 14281 | Abyss:1  | Killed a tentacled starspawn
 14314 | Abyss:1  | Noticed a starcursed mass
 14315 | Abyss:1  | Reached skill level 20 in Axes
 14328 | Abyss:1  | Killed a starcursed mass
 14328 | Abyss:1  | Reached XP level 14. HP: 12/130 MP: 3/11
 14338 | Abyss:1  | HP: 1/130 [large abomination (16)]
 14339 | Abyss:1  | Slain by a large abomination

Action                   |  1- 3 |  4- 6 |  7- 9 | 10-12 | 13-15 || total
-------------------------+-------+-------+-------+-------+-------++-------
Melee: Hand axe          |    56 |    97 |   278 |   125 |       ||   556
       War axe           |       |       |       |   454 |       ||   454
       Battleaxe         |       |       |       |   150 |   254 ||   404
Invok: Berserk           |     1 |     4 |     6 |    12 |       ||    23
       Trog's Hand       |       |       |       |     5 |    10 ||    15
       Burn Spellbooks   |       |       |       |     2 |       ||     2
 Abil: Blink             |       |       |       |     1 |       ||     1
Evoke: Wand              |       |       |       |     1 |       ||     1
  Use: Scroll            |       |     7 |     4 |     9 |     1 ||    21
       Potion            |       |       |       |     1 |     8 ||     9
 Stab: Sleeping          |     2 |       |       |       |       ||     2
  Eat: Chunk             |       |     9 |    18 |    22 |       ||    49
       Fruit             |       |       |     2 |     1 |       ||     3
       Pizza             |       |       |     1 |     2 |       ||     3
       Meat ration       |       |       |       |     3 |       ||     3
       Bread ration      |       |       |       |       |     1 ||     1
